 Dungeon Crawl Stone Soup version 0.18-a0-1-gfac8111 (webtiles) character file.

191 kae the Insei (level 5, 0/40 HPs)
             Began as a Draconian Transmuter on Oct 30, 2015.
             Slain by a sky beast (4 damage)
             ... on level 3 of the Dungeon.
             The game lasted 00:03:39 (2926 turns).

kae the Insei (Draconian Transmuter)                Turns: 2926, Time: 00:03:39

Health: 0/40       AC:  7    Str: 12    XL:     5   Next: 42%
Magic:  2/8        EV: 12    Int: 13    God:
Gold:   227        SH:  0    Dex: 13    Spells: 3 memorised, 2 levels left

rFire  + . .     SeeInvis .       - Unarmed
rCold  x . .     Clarity  .     (armour unavailable)
rNeg   . . .     SustAt   .     (no shield)
rPois  .         Gourm    .     (helmet restricted)
rElec  .         Spirit   .     d - +0 cloak
rCorr  .         Warding  .     n - +0 pair of gloves
rMut   .         Stasis   .     (no boots)
MR     .....                    (no amulet)
Stlth  +.........               (no ring)
                                g - ring of fire

@: very slightly contaminated, not resistant to hostile enchantments, very
unstealthy
A: unfitting armour, cold-blooded, AC +5
a: no special abilities


You were on level 3 of the Dungeon.
You were not hungry.

You visited 1 branch of the dungeon, and saw 3 of its levels.
You also visited: Sewer.

You collected 227 gold pieces.

Inventory:

Missiles
 a - 27 arrows
Armour
 d - a +0 cloak (worn)
 n - a +0 pair of gloves (worn)
Jewellery
 g - a ring of fire (left hand)
Scrolls
 e - 2 scrolls of remove curse {unknown}
 f - a scroll of teleportation {unknown}
 h - 2 scrolls of immolation {unknown}
 l - a scroll of magic mapping {unknown}
 m - 5 scrolls of identify
 o - a scroll of blinking {unknown}
 r - a scroll of acquirement {unknown}
Potions
 j - a potion of cancellation {unknown}
 k - 2 potions of mutation
 q - a potion of ambrosia {unknown}
 s - a potion of haste {unknown}
Books
 b - a book of Changes

   Spells                             Type                      Level
   a - Beastly Appendage              Transmutation                1
   b - Sticks to Snakes               Transmutation                2
   c - Spider Form                    Transmutation/Poison         3
   d - Ice Form                       Ice/Transmutation            4
   e - Blade Hands                    Transmutation                5
Comestibles
 c - a beef jerky


   Skills:
 - Level 1.1 Fighting
 - Level 1.7 Dodging
 + Level 6.2 Unarmed Combat
 - Level 2.0 Spellcasting
 - Level 2.0 Transmutations


You had 2 spell levels left.
You knew the following spells:

 Your Spells              Type           Power        Failure   Level  Hunger
a - Beastly Appendage     Trmt           #.....       12%         1    ##.....
b - Sticks to Snakes      Trmt           #.........   17%         2    ###....
c - Spider Form           Trmt/Pois      #.........   52%         3    ####...


Dungeon Overview and Level Annotations

Branches:
Dungeon (3/15)

Altars:
Gozag
Nemelex Xobeh
Ru

Annotations:
D:3 kae's ghost, amateur OpTm


Innate Abilities, Weirdness & Mutations

Your plain brown scales are hard (AC +5).
Your body does not fit into most forms of armour.
You are cold-blooded and may be slowed by cold attacks.


Message History

Your tail-slap misses something.
You miss something.
Your tail-slap misses something.
A sky beast appears from thin air!
Reactivating autopickup.
The sky beast hits you but does no damage.
You closely miss the sky beast.
The sky beast is moderately wounded.
The sky beast flickers out of sight!
Deactivating autopickup; reactivate with Ctrl-A.
Something hits you.
* * * LOW HITPOINT WARNING * * *
Something shocks you.
* * * LOW HITPOINT WARNING * * *
Unknown command.
You barely miss something. You tail-slap something.
Something hits you but does no damage.
You barely miss something.
Your horns disappear.
Something hits you.
You die...

#.##... ##.##### #...#
#...# ##### #### #...#
#.... ..# ###.## #..?#
#.# #..##
####..{####.######...##
+)....@.............|..
####...(.##.######>..##
#..##.##.# #....## #_#
#.##.# #.###### #.
.....# #.##.... ##
#.#### #.##.### #.#
#.##.# #.# #.##.###
#......#


There were no monsters in sight!

Vanquished Creatures
  Purgy (Sewer)
  A gnoll (D:1)
  3 adders (D:2)
  A worm (D:2)
  A giant gecko (D:2)
  An orc (D:3)
  7 goblins
  8 hobgoblins
  2 quokkas (D:2)
  2 ball pythons
  8 bats
  4 giant cockroaches
  A giant newt (D:1)
  9 kobolds
  7 rats
56 creatures vanquished.

Notes
Turn   | Place    | Note
--------------------------------------------------------------
     0 | D:1      | kae the Draconian Transmuter began the quest for the Orb.
     0 | D:1      | Reached XP level 1. HP: 16/16 MP: 3/3
   213 | D:1      | Reached XP level 2. HP: 23/23 MP: 3/5
   556 | D:1      | Reached skill level 4 in Unarmed Combat
   675 | D:1      | Reached XP level 3. HP: 23/28 MP: 4/6
  1517 | D:2      | Learned a level 2 spell: Sticks to Snakes
  1521 | D:2      | Learned a level 3 spell: Spider Form
  1595 | D:2      | Reached XP level 4. HP: 32/35 MP: 7/7
  1755 | D:2      | Found a sacrificial altar of Ru.
  1834 | D:2      | Reached skill level 5 in Unarmed Combat
  1942 | D:2      | Found an opulent altar of Gozag.
  2420 | D:3      | Noticed kae's ghost (amateur OpTm)
  2470 | D:3      | Found a glowing drain.
  2475 | Sewer    | Entered a sewer
  2615 | Sewer    | Noticed Purgy
  2626 | Sewer    | Killed Purgy
  2626 | Sewer    | Reached skill level 6 in Unarmed Combat
  2626 | Sewer    | Reached XP level 5. HP: 37/40 MP: 4/8
  2902 | D:3      | Found a sparkling altar of Nemelex Xobeh.
  2902 | D:3      | Noticed a sky beast
  2926 | D:3      | Slain by a sky beast

Vault maps used:
D:1:      onia_arrival_pyramid, serial_glass, glass_columns_a, glass_columns_a,
          hangedman_feature_mirror, moated_statue
D:2:      lemuel_coloured_pillars_altar,
          nicolae_gozag_cash_rules_everything_around_me, item_on_display_a
D:3:      kiku_gazebo_garden_becter, nemelex_deck, led_sif_pool,
          lightli_sewer_entry_pipes
Sewer:    sewer_big_baddie

Action                   |  1- 3 |  4- 6 || total
-------------------------+-------+-------++-------
Melee: Unarmed           |   154 |    67 ||   221
 Cast: Beastly Appendage |    10 |     4 ||    14
       Spider Form       |     1 |     1 ||     2
  Use: Scroll            |     2 |       ||     2
       Potion            |       |     2 ||     2
  Eat: Bread ration      |     1 |       ||     1
       Chunk             |       |     3 ||     3
